 Dungeon Crawl Stone Soup version 0.27-a0-3-gcf006a40f5 (webtiles) character file.

Game seed: 5021642248938637626

43 teolandon225 the Sneak (level 3, 0/17 HPs)
             Began as a Spriggan Enchanter on Jan 1, 2021.
             Succumbed to a scorpion's poison
             ... on level 3 of the Dungeon.
             The game lasted 00:08:13 (3843 turns).

teolandon225 the Sneak (Spriggan Enchanter)         Turns: 3843, Time: 00:08:13

Health: 0/17       AC:  2    Str:  2    XL:     3   Next: 37%
Magic:  9/9        EV: 19    Int: 18    God:
Gold:   19         SH:  0    Dex: 17    Spells: 5/8 levels left

rFire    . . .     SeeInvis +   a - +1 dagger
rCold    . . .     Faith    .   (shield restricted)
rNeg     . . .     Spirit   .   b - +0 robe
rPois    .         Reflect  .   (helmet restricted)
rElec    .         Harm     .   (no cloak)
rCorr    .         Rampage  .   (gloves unavailable)
Will     .....                  (boots unavailable)
Stlth    +++.......             (no amulet)
HPRegen  0.00/turn              (no ring)
MPRegen  0.11/turn              (no ring)

@: brilliant, lethally poisoned (0 -> -6), attractive, hasted, very quick
A: very small, unfitting armour, see invisible, clever 1, speed 3, high mp 1,
inhibited regeneration, weak 1
a: no special abilities


You were on level 3 of the Dungeon.
You visited 1 branch of the dungeon, and saw 3 of its levels.

You collected 19 gold pieces.

Inventory:

Hand Weapons
 a - a +1 dagger (weapon)
Armour
 b - a +0 robe (worn)
 g - a +0 robe
Jewellery
 c - an uncursed ring of wizardry {unknown}
 e - a cursed amulet of inaccuracy {unknown}
 o - a cursed ring of attention {unknown}
Scrolls
 f - 2 scrolls of enchant weapon {unknown}
 i - a scroll of blinking
 l - 2 scrolls of identify {unknown}
 p - a scroll of immolation {unknown}
 q - a scroll of teleportation {unknown}
Potions
 k - a potion of magic


   Skills:
 + Level 0.6 Fighting
 * Level 2.0 Short Blades
 + Level 3.4 Dodging
 * Level 5.1 Stealth
 + Level 3.1 Spellcasting
 + Level 3.8 Hexes


You had 5 spell levels left.
You knew the following spells:

 Your Spells              Type           Power        Failure   Level
a - Corona                Hex            27%          3%          1
b - Ensorcelled Hibernat  Hex/Ice        28%          11%         2

Your spell library contained the following spells:

 Spells                   Type           Power        Failure   Level
 Confusing Touch          Hex            25%          10%         3
 Tukima's Dance           Hex            25%          10%         3
 Dazzling Flash           Conj/Hex       28%          22%         3


Dungeon Overview and Level Annotations

Branches:
Dungeon (3/15)

Altars:

Annotations:
D:2 Sigmund


Innate Abilities, Weirdness & Mutations

You are very small and have problems with some larger weapons.
You are too small for most types of armour.
You have supernaturally acute eyesight. (SInv)
You cover ground extremely quickly.
Your mind is acute. (Int +2)
You have an increased reservoir of magic. (+10% MP)
You do not regenerate when monsters are visible.
You are weak. (Str -2)


Message History

The scorpion stings you.
* * * LOW HITPOINT WARNING * * *
Okay, then.
* * * LOW HITPOINT WARNING * * *
You feel sick.
It was a potion of mutation.
You feel extremely strange.
You feel more energetic.
You feel weaker.
Your regeneration stops near monsters.
You feel clever.
It was a potion of haste.
You feel yourself speed up.
* * * LOW HITPOINT WARNING * * *
You feel sick. The scorpion completely misses you.
It was a potion of attraction.
You feel attractive to monsters. The scorpion closely misses you.
There are no items here.
It was a potion of magic.
Magic courses through your body. The scorpion closely misses you.
It was a potion of brilliance.
You feel clever all of a sudden.
You die...

# #... # ...
#######s#####
........gl..#
#######.###.######
# #. #....).# # ..
######s# ... #.#
## .... #@## .#
..... #>.#
.##..... ######.#
.# #......# .#
#.###### .# #.# .#
#.# .# #.# ## #.#


You could see a scorpion.

Vanquished Creatures
  An adder (D:2)
  A worm (D:2)
  A leopard gecko (D:3)
  4 bats
  2 giant cockroaches
  3 goblins
  6 hobgoblins
  4 kobolds
  5 frilled lizards
  2 rats
29 creatures vanquished.

Notes
Turn   | Place    | Note
-------+----------+-------------------------------------------
     0 | D:1      | teolandon225 the Spriggan Enchanter began the quest for the
                  | Orb.
     0 | D:1      | Reached XP level 1. HP: 9/9 MP: 5/5
  1131 | D:1      | Reached XP level 2. HP: 8/13 MP: 6/6
  1134 | D:1      | Learned a level 2 spell: Ensorcelled Hibernation
  2396 | D:2      | Reached skill level 5 in Stealth
  2452 | D:2      | Noticed a sky beast
  2755 | D:2      | Reached XP level 3. HP: 17/17 MP: 8/8
  2971 | D:2      | Noticed Sigmund
  3809 | D:3      | Noticed a scorpion
  3838 | D:3      | Gained mutation: You have an increased reservoir of magic.
                  | (+10% MP) [potion of mutation]
  3838 | D:3      | Gained mutation: You are weak. (Str -2) [potion of
                  | mutation]
  3838 | D:3      | Gained mutation: You do not regenerate when monsters are
                  | visible. [potion of mutation]
  3838 | D:3      | Gained mutation: Your mind is acute. (Int +2) [potion of
                  | mutation]
  3843 | D:3      | Succumbed to a scorpion's poison

Illustrated notes

Levels and vault maps discovered:
D:1:      zaba_arrival_water, layout_basic
D:2:      layout_loops_ring, uniq_sigmund
D:3:      layout_loops_cross, chequers_ecumenical_altar_twisty

Skill      XL: |  1  2  3 |
---------------+----------+-----
Stealth        | 5 |  5.1
Spellcasting   | 3 |  3.1
Short Blades   | 2 |  2.0
Fighting       | |  0.6
Dodging        | |  3.4
Hexes          | |  3.8

Action                   || total
-------------------------++-------
Melee: Dagger            ||   102
 Cast: Corona            ||    10
       Ensorcelled Hiber ||    21
  Use: Scroll            ||     3
       Potion            ||     6
 Stab: Sleeping          ||    14
Armor: Robe              ||     9
Dodge: Dodged            ||    78

Table legend: (Time is in decaauts)
 A = Elapsed time spent in this place.
 B = Non-inter-level travel time spent in this place.
 C = Inter-level travel time spent in this place.
 D = Time resting spent in this place.
 E = Time spent auto-exploring this place.
 F = Levels seen in this place.
 G = Mean time per level.
                   A        B        C        D        E       F      G
               +--------+--------+--------+--------+--------+-----+--------+
         Total |   3108 |   3010 |     98 |   1223 |    997 |   3 | 1036.0 |
       Dungeon |   3108 |   3010 |     98 |   1223 |    997 |   3 | 1036.0 |
               +--------+--------+--------+--------+--------+-----+--------+

Top non-repeatable levels by time:
     D:1: 2086 daAuts
     D:2: 951 daAuts
     D:3: 70 daAuts
